Workbook

Sheet 封面
A1: 附件7：
B9: 鹤山市2017年宅梧镇一般公共预算收支表(预、决算）
B24: 编制单位：宅梧镇 | I24: 编制日期： 2018 年 1 月 20 日

Sheet 收支总表
A2: 鹤山市2017年宅梧镇一般公共预算收支决算总表
J3: 单位：万元
A4: 收入项目 | F4: 支出项目
A5: 科目号 | B5: 科目名称 | C5: 2017年预算 | D5: 调整预算数 | E5: 决算数 | F5: 科目号 | G5: 科目名称 | H5: 2017年预算 | I5: 调整预算数 | J5: 决算数
A6: 一、一般公共预算收入 | C6: =SUM(C7:C8) -> 3740 | D6: =SUM(D7:D8) -> 493 | E6: =SUM(E7:E8) -> 4108 | F6: 一、一般公共预算支出 | H6: =SUM(H7:H28) -> 10952.82 | I6: =SUM(I7:I28) -> 1615 | J6: =SUM(J7:J28) -> 12927
A7: 101 | B7: 税收收入 | C7: 2340 | D7: 183 | E7: 1667 | F7: 201 | G7: 一般公共服务支出 | H7: 2337.65 | I7: 1421 | J7: 2737
A8: 103 | B8: 非税收入 | C8: 1400 | D8: 310 | E8: 2441 | F8: 203 | G8: 国防支出 | H8: 16 | J8: =H8+I8 -> 16
A9: 二、上级补助收入 | C9: =SUM(C10:C12) -> 6967 | D9: =SUM(D10:D12) -> 1876 | E9: =SUM(E10:E12) -> 8843 | F9: 204 | G9: 公共安全支出 | H9: 255.19 | I9: 12 | J9: 282
A10: 11001 | B10: 返还性收入 | E10: =C10+D10 -> 0 | F10: 205 | G10: 教育支出 | H10: 2175.72 | I10: 103 | J10: 1971
A11: 11002 | B11: 一般性转移支付收入 | C11: 6967 | D11: =E11-C11 -> 1876 | E11: 8843 | F11: 206 | G11: 科学技术支出 | J11: =H11+I11 -> 0
A12: 11003 | B12: 专项转移支付收入 | E12: =C12+D12 -> 0 | F12: 207 | G12: 文化体育与传媒支出 | H12: 40.94 | I12: 2 | J12: 48
A13: 三、债务转贷收入 | E13: =C13+D13 -> 0 | F13: 208 | G13: 社会保障和就业支出 | H13: 2624.62 | I13: 42 | J13: 2833
A14: 四、上年结余结转 | C14: 246 | E14: 246 | F14: 210 | G14: 医疗卫生与计划生育支出 | H14: 2434 | I14: 10 | J14: 1938
A15: 五、调入资金 | E15: =C15+D15 -> 0 | F15: 211 | G15: 节能环保支出 | H15: 270 | J15: 10
E16: =C16+D16 -> 0 | F16: 212 | G16: 城乡社区支出 | H16: 43.1 | J16: 2035
E17: =C17+D17 -> 0 | F17: 213 | G17: 农林水支出 | H17: 381.66 | I17: 5 | J17: 798
E18: =C18+D18 -> 0 | F18: 214 | G18: 交通运输支出 | H18: 7.82 | J18: 117
E19: =C19+D19 -> 0 | F19: 215 | G19: 资源勘探信息等支出 | H19: 11 | J19: 3
E20: =C20+D20 -> 0 | F20: 216 | G20: 商业服务业等支出 | J20: 19
E21: =C21+D21 -> 0 | F21: 217 | G21: 金融支出
E22: =C22+D22 -> 0 | F22: 220 | G22: 国土海洋气象等支出 | J22: =H22+I22 -> 0
E23: =C23+D23 -> 0 | F23: 221 | G23: 住房保障支出 | H23: 102.56 | I23: 20 | J23: 120
E24: =C24+D24 -> 0 | F24: 222 | G24: 粮油物资储备支出 | J24: =H24+I24 -> 0
E25: =C25+D25 -> 0 | F25: 227 | G25: 预备费 | J25: =H25+I25 -> 0
E26: =C26+D26 -> 0 | F26: 229 | G26: 其他支出 | H26: 252.56
E27: =C27+D27 -> 0 | F27: 232 | G27: 债务付息支出 | J27: =H27+I27 -> 0
E28: =C28+D28 -> 0 | F28: 233 | G28: 债务发行费用支出 | J28: =H28+I28 -> 0
E29: =C29+D29 -> 0 | F29: 二、上解上级支出 | J29: =H29+I29 -> 0
E30: =C30+D30 -> 0 | F30: 三、债务还本支出 | J30: =H30+I30 -> 0
E31: =C31+D31 -> 0 | F31: 四、年终结转 | J31: 270
E32: =C32+D32 -> 0 | F32: 五、安排预算稳定调节基金 | J32: =H32+I32 -> 0
A33: 收入合计 | C33: =C6+C9+C13+C14+C15 -> 10953 | D33: =D6+D9+D13+D14+D15 -> 2369 | E33: =E6+E9+E13+E14+E15 -> 13197 | F33: 支出合计 | H33: =H6+H29+H30+H31+H32 -> 10952.82 | I33: =I6+I29+I30+I31+I32 -> 1615 | J33: =J6+J31 -> 13197

Sheet 一般预算收入
A2: 鹤山市2017年宅梧镇一般公共预算收入（决）算表
E3: 单位:万元
A4: 科目号 | B4: 科目名称 | C4: 2017年预算 | D4: 调整预算数 | E4: 决算数
A5: 一、一般公共预算收入 | C5: =C6+C20 -> 3740 | D5: =D6+D20 -> 493 | E5: =E6+E20 -> 4108
A6: 101 | B6: 税收收入 | C6: =SUM(C7:C19) -> 2340 | D6: =SUM(D7:D19) -> 183 | E6: =SUM(E7:E19) -> 1667
A7: 10101 | B7: 增值税 | C7: 1010 | D7: 140 | E7: 1009
A8: 10103 | B8: 营业税 | C8: 100 | D8: -100
A9: 10104 | B9: 企业所得税 | C9: 40 | D9: 33 | E9: 53
A10: 10106 | B10: 个人所得税 | C10: 160 | D10: 20 | E10: 94
A11: 10107 | B11: 资源税 | C11: 50 | D11: -40 | E11: 11
A12: 10109 | B12: 城市维护建设税 | C12: 340 | D12: 10 | E12: 260
A13: 10110 | B13: 房产税 | C13: 270 | D13: 0 | E13: 47
A14: 10111 | B14: 印花税 | C14: 28 | D14: 20 | E14: 37
A15: 10112 | B15: 城镇土地使用税 | C15: 230 | D15: 0 | E15: 66
A16: 10113 | B16: 土地增值税 | C16: 40 | D16: 60 | E16: 38
A17: 10114 | B17: 车船税 | C17: 15 | D17: 40 | E17: 52
A18: 10118 | B18: 耕地占用税 | C18: 52
A19: 10119 | B19: 契税 | C19: 5
A20: 103 | B20: 非税收入 | C20: =SUM(C21:C28) -> 1400 | D20: =SUM(D21:D28) -> 310 | E20: =SUM(E21:E28) -> 2441
A21: 10302 | B21: 专项收入 | E21: =C21+D21 -> 0
A22: 10304 | B22: 行政事业性收费收入 | E22: =C22+D22 -> 0
A23: 10305 | B23: 罚没收入 | E23: =C23+D23 -> 0
A24: 10306 | B24: 国有资本经营收入 | E24: =C24+D24 -> 0
A25: 10307 | B25: 国有资源（资产）有偿使用收入 | C25: 150 | D25: 0 | E25: 180
A26: 10308 | B26: 捐赠收入 | E26: =C26+D26 -> 0
A27: 10309 | B27: 政府住房基金收入 | E27: =C27+D27 -> 0
A28: 10399 | B28: 其他收入 | C28: 1250 | D28: 310 | E28: 2261
A29: 二、上级补助收入 | C29: 6967 | D29: =D30+D35+D45 -> 1876 | E29: =E30+E35 -> 8843
A30: 11001 | B30: 返还性收入 | C30: =SUM(C31:C34) -> 0 | D30: =SUM(D31:D34) -> 0 | E30: =C30+D30 -> 0
A31: 1100101 | B31: 增值税和消费税税收返还收入 | E31: =C31+D31 -> 0
A32: 1100102 | B32: 所得税基数返还收入 | E32: =C32+D32 -> 0
A33: 1100103 | B33: 成品油价格和税费改革税收返还收入 | E33: =C33+D33 -> 0
A34: 1100199 | B34: 其他税收返还收入 | E34: =C34+D34 -> 0
A35: 11002 | B35: 一般性转移支付收入 | C35: 6967 | D35: 1876 | E35: =SUM(E36:E44) -> 8843
A36: 1100202 | B36: 均衡性转移支付收入 | E36: =C36+D36 -> 0
A37: 1100208 | B37: 结算补助收入 | E37: =C37+D37 -> 0
A38: 1100214 | B38: 企业事业单位划转补助收入 | E38: =C38+D38 -> 0
A39: 1100221 | B39: 城乡义务教育等转移支付收入 | E39: =C39+D39 -> 0
A40: 1100222 | B40: 基本养老金转移支付收入 | E40: =C40+D40 -> 0
A41: 1100223 | B41: 城乡居民医疗保险转移支付收入 | E41: =C41+D41 -> 0
A42: 1100224 | B42: 农村综合改革转移支付收入 | E42: =C42+D42 -> 0
A43: 1100227 | B43: 固定数额补助收入 | E43: =C43+D43 -> 0
A44: 1100299 | B44: 其他一般性转移支付收入 | C44: 6967 | D44: 1876 | E44: 8843
A45: 11003 | B45: 专项转移支付收入 | E45: =C45+D45 -> 0
A46: 三、债务转贷收入 | C46: =C47 -> 0 | D46: =D47 -> 0 | E46: =C46+D46 -> 0
A47: 1101101 | B47: 地方政府一般债务转贷收入 | C47: =SUM(C48:C48) -> 0 | D47: =SUM(D48:D48) -> 0 | E47: =C47+D47 -> 0
A48: 110110101 | B48: 地方政府一般债券转贷收入 | E48: =C48+D48 -> 0
A49: 四、上年结余结转 | C49: =C50 -> 246 | D49: =D50 -> 0 | E49: 246
A50: 11008 | B50: 上年结余收入 | C50: 246 | E50: 246
A51: 五、调入资金 | C51: =C52 -> 0 | D51: =D52 -> 0 | E51: =C51+D51 -> 0
A52: 1100901 | B52: 调入一般公共预算资金 | C52: =SUM(C53:C55) -> 0 | D52: =SUM(D53:D55) -> 0 | E52: =C52+D52 -> 0
A53: 110090101 | B53: 从预算稳定调节基金调入一般公共预算 | E53: =C53+D53 -> 0
A54: 110090102 | B54: 从政府性基金预算调入一般公共预算 | E54: =C54+D54 -> 0
A55: 110090199 | B55: 从其他资金调入一般公共预算 | E55: =C55+D55 -> 0
A56: 收 入 合 计 | C56: =C5+C29+C46+C49+C51 -> 10953 | D56: =D5+D29+D46+D49+D51 -> 2369 | E56: =E49+E29+E5 -> 13197

Sheet 一般预算支出-功能
A2: 鹤山市2017年宅梧镇一般公共预算支出预（决）算表
B3: （功能分类支出） | E3: 单位:万元
A4: 科目号 | B4: 科目名称 | C4: 2017年预算 | D4: 调整预算数 | E4: 决算数
A5: 一、一般公共预算支出 | C5: =SUM(C6,C259,C277,C398,C453,C507,C556,C671,C743,C792,C816,C934,C981,C1027,C1054,C1057,C1095,C1113,C1149,C1150,C1154,C1158) -> 10952.63 | D5: =SUM(D6,D259,D277,D398,D453,D507,D556,D671,D743,D792,D816,D934,D981,D1027,D1054,D1057,D1095,D1113,D1149,D1150,D1154,D1158) -> 1615 | E5: =E6+E259+E277+E398+E453+E507+E556+E671+E743+E792+E816+E934+E981+E1027+E1054+E1057+E1095+E1113+E1149+E1150+E1154+E1158 -> 12927.07
A6: 201 | B6: 一般公共服务支出 | C6: =SUM(C7,C19,C28,C40,C52,C63,C74,C86,C95,C105,C120,C129,C140,C152,C162,C175,C182,C189,C198,C204,C211,C219,C226,C232,C238,C244,C250,C256) -> 2337.65 | D6: =SUM(D7,D19,D28,D40,D52,D63,D74,D86,D95,D105,D120,D129,D140,D152,D162,D175,D182,D189,D198,D204,D211,D219,D226,D232,D238,D244,D250,D256) -> 1421 | E6: =E7+E19+E28+E40+E52+E63+E74+E86+E95+E105+E120+E129+E152+E162+E189+E198+E204+E211+E219+E226+E232+E238+E256 -> 2736.58
A7: 20101 | B7: 人大事务 | C7: =SUM(C8:C18) -> 15 | D7: =SUM(D8:D18) -> 0 | E7: =SUM(E8:E18) -> 15
A8: 2010101 | B8: 行政运行 | E8: =C8+D8 -> 0
A9: 2010102 | B9: 一般行政管理事务 | E9: =C9+D9 -> 0
A10: 2010103 | B10: 机关服务 | E10: =C10+D10 -> 0
A11: 2010104 | B11: 人大会议 | C11: 15 | E11: =C11+D11 -> 15
A12: 2010105 | B12: 人大立法 | E12: =C12+D12 -> 0
A13: 2010106 | B13: 人大监督 | E13: =C13+D13 -> 0
A14: 2010107 | B14: 人大代表履职能力提升 | E14: =C14+D14 -> 0
A15: 2010108 | B15: 代表工作 | E15: =C15+D15 -> 0
A16: 2010109 | B16: 人大信访工作 | E16: =C16+D16 -> 0
A17: 2010150 | B17: 事业运行 | E17: =C17+D17 -> 0
A18: 2010199 | B18: 其他人大事务支出 | E18: =C18+D18 -> 0
A19: 20102 | B19: 政协事务 | C19: =SUM(C20:C27) -> 6 | D19: =SUM(D20:D27) -> 0 | E19: =SUM(E20:E27) -> 6
A20: 2010201 | B20: 行政运行 | E20: =C20+D20 -> 0
A21: 2010202 | B21: 一般行政管理事务 | E21: =C21+D21 -> 0
A22: 2010203 | B22: 机关服务 | E22: =C22+D22 -> 0
A23: 2010204 | B23: 政协会议 | C23: 6 | E23: =C23+D23 -> 6
A24: 2010205 | B24: 委员视察 | E24: =C24+D24 -> 0
A25: 2010206 | B25: 参政议政 | E25: =C25+D25 -> 0
A26: 2010250 | B26: 事业运行 | E26: =C26+D26 -> 0
A27: 2010299 | B27: 其他政协事务支出 | E27: =C27+D27 -> 0
A28: 20103 | B28: 政府办公厅（室）及相关机构事务 | C28: =SUM(C29:C39) -> 2126.53 | D28: =SUM(D29:D39) -> 1416 | E28: =SUM(E29:E39) -> 2553
A29: 2010301 | B29: 行政运行 | C29: 956.85 | D29: 52 | E29: 1027
A30: 2010302 | B30: 一般行政管理事务 | C30: 1014.68 | D30: 1357 | E30: 1384
A31: 2010303 | B31: 机关服务 | C31: 125 | D31: 7 | E31: 89
A32: 2010304 | B32: 专项服务 | E32: =C32+D32 -> 0
A33: 2010305 | B33: 专项业务活动 | E33: =C33+D33 -> 0
A34: 2010306 | B34: 政务公开审批 | E34: =C34+D34 -> 0
A35: 2010307 | B35: 法制建设 | E35: =C35+D35 -> 0
A36: 2010308 | B36: 信访事务 | E36: =C36+D36 -> 0
A37: 2010309 | B37: 参事事务 | E37: =C37+D37 -> 0
A38: 2010350 | B38: 事业运行 | E38: 23
A39: 2010399 | B39: 其他政府办公厅（室）及相关机构事务支出 | C39: 30 | E39: =C39+D39 -> 30
A40: 20104 | B40: 发展与改革事务 | C40: =SUM(C41:C51) -> 0 | D40: =SUM(D41:D51) -> 0 | E40: =SUM(E41:E51) -> 0
A41: 2010401 | B41: 行政运行 | E41: =C41+D41 -> 0
A42: 2010402 | B42: 一般行政管理事务 | E42: =C42+D42 -> 0
A43: 2010403 | B43: 机关服务 | E43: =C43+D43 -> 0
A44: 2010404 | B44: 战略规划与实施 | E44: =C44+D44 -> 0
A45: 2010405 | B45: 日常经济运行调节 | E45: =C45+D45 -> 0
A46: 2010406 | B46: 社会事业发展规划 | E46: =C46+D46 -> 0
A47: 2010407 | B47: 经济体制改革研究 | E47: =C47+D47 -> 0
A48: 2010408 | B48: 物价管理 | E48: =C48+D48 -> 0
A49: 2010409 | B49: 应对气候变化管理事务 | E49: =C49+D49 -> 0
A50: 2010450 | B50: 事业运行 | E50: =C50+D50 -> 0
A51: 2010499 | B51: 其他发展与改革事务支出 | E51: =C51+D51 -> 0
A52: 20105 | B52: 统计信息事务 | C52: =SUM(C53:C62) -> 0 | D52: =SUM(D53:D62) -> 0 | E52: =SUM(E53:E62) -> 7
A53: 2010501 | B53: 行政运行 | E53: =C53+D53 -> 0
A54: 2010502 | B54: 一般行政管理事务 | E54: =C54+D54 -> 0
A55: 2010503 | B55: 机关服务 | E55: =C55+D55 -> 0
A56: 2010504 | B56: 信息事务 | E56: =C56+D56 -> 0
A57: 2010505 | B57: 专项统计业务 | E57: 7
A58: 2010506 | B58: 统计管理 | E58: =C58+D58 -> 0
A59: 2010507 | B59: 专项普查活动 | E59: =C59+D59 -> 0
A60: 2010508 | B60: 统计抽样调查 | E60: =C60+D60 -> 0
A61: 2010550 | B61: 事业运行 | E61: =C61+D61 -> 0
A62: 2010599 | B62: 其他统计信息事务支出 | E62: =C62+D62 -> 0
A63: 20106 | B63: 财政事务 | C63: =SUM(C64:C73) -> 52.62 | D63: =SUM(D64:D73) -> 5 | E63: =SUM(E64:E73) -> 64.88
A64: 2010601 | B64: 行政运行 | C64: 15 | D64: 3 | E64: 22
A65: 2010602 | B65: 一般行政管理事务 | C65: 9.88 | E65: =C65+D65 -> 9.88
A66: 2010603 | B66: 机关服务 | C66: 27.74 | D66: 2 | E66: 28
A67: 2010604 | B67: 预算改革业务 | E67: =C67+D67 -> 0
A68: 2010605 | B68: 财政国库业务 | E68: =C68+D68 -> 0
A69: 2010606 | B69: 财政监察 | E69: =C69+D69 -> 0
A70: 2010607 | B70: 信息化建设 | E70: =C70+D70 -> 0
A71: 2010608 | B71: 财政委托业务支出 | E71: =C71+D71 -> 0
A72: 2010650 | B72: 事业运行 | E72: =C72+D72 -> 0
A73: 2010699 | B73: 其他财政事务支出 | E73: 5
A74: 20107 | B74: 税收事务 | C74: =SUM(C75:C85) -> 114 | D74: =SUM(D75:D85) -> 0 | E74: =SUM(E80:E85) -> 20
A75: 2010701 | B75: 行政运行 | C75: 0 | D75: 0 | E75: =C75+D75 -> 0
A76: 2010702 | B76: 一般行政管理事务 | C76: 0 | D76: 0 | E76: =C76+D76 -> 0
A77: 2010703 | B77: 机关服务 | C77: 0 | D77: 0 | E77: =C77+D77 -> 0
A78: 2010704 | B78: 税务办案 | C78: 0 | D78: 0 | E78: =C78+D78 -> 0
A79: 2010705 | B79: 税务登记证及发票管理 | C79: 0 | D79: 0 | E79: =C79+D79 -> 0
A80: 2010706 | B80: 代扣代收代征税款手续费 | E80: =C80+D80 -> 0
A81: 2010707 | B81: 税务宣传 | E81: =C81+D81 -> 0
A82: 2010708 | B82: 协税护税 | E82: =C82+D82 -> 0
A83: 2010709 | B83: 信息化建设 | E83: =C83+D83 -> 0
A84: 2010750 | B84: 事业运行 | E84: =C84+D84 -> 0
A85: 2010799 | B85: 其他税收事务支出 | C85: 114 | E85: 20
A86: 20108 | B86: 审计事务 | C86: =SUM(C87:C94) -> 0 | D86: =SUM(D87:D94) -> 0 | E86: =SUM(E87:E94) -> 0
A87: 2010801 | B87: 行政运行 | E87: =C87+D87 -> 0
A88: 2010802 | B88: 一般行政管理事务 | E88: =C88+D88 -> 0
A89: 2010803 | B89: 机关服务 | E89: =C89+D89 -> 0
A90: 2010804 | B90: 审计业务 | E90: =C90+D90 -> 0
A91: 2010805 | B91: 审计管理 | E91: =C91+D91 -> 0
A92: 2010806 | B92: 信息化建设 | E92: =C92+D92 -> 0
A93: 2010850 | B93: 事业运行 | E93: =C93+D93 -> 0
A94: 2010899 | B94: 其他审计事务支出 | E94: =C94+D94 -> 0
A95: 20109 | B95: 海关事务 | C95: =SUM(C96:C104) -> 0 | D95: =SUM(D96:D104) -> 0 | E95: =C95+D95 -> 0
A96: 2010901 | B96: 行政运行 | C96: 0 | D96: 0 | E96: =C96+D96 -> 0
A97: 2010902 | B97: 一般行政管理事务 | C97: 0 | D97: 0 | E97: =C97+D97 -> 0
A98: 2010903 | B98: 机关服务 | C98: 0 | D98: 0 | E98: =C98+D98 -> 0
A99: 2010904 | B99: 收费业务 | C99: 0 | D99: 0 | E99: =C99+D99 -> 0
A100: 2010905 | B100: 缉私办案 | C100: 0 | D100: 0 | E100: =C100+D100 -> 0
A101: 2010907 | B101: 口岸电子执法系统建设与维护 | C101: 0 | D101: 0 | E101: =C101+D101 -> 0
...

Sheet 一般预算支出-经济
A2: 鹤山市2017年宅梧镇一般公共预算支出（决）算表
B3: （经济分类支出） | E3: 单位:万元
A4: 科目号 | B4: 科目名称 | C4: 2017年预算 | D4: 调整预算数 | E4: 决算数
A5: 一、一般公共预算支出 | C5: =C6+C17+C50+C67+C72+C74+C76+C79+C90+C106 -> 10952.63 | D5: =D6+D17+D50+D67+D72+D74+D76+D79+D90+D106 -> 1615 | E5: =E6+E17+E50 -> 12927
A6: 301 | B6: 工资福利支出 | C6: =SUM(C7:C16) -> 3180.93 | D6: =SUM(D7:D16) -> 141 | E6: =SUM(E7:E16) -> 3069
A7: 30101 | B7: 基本工资 | C7: 1316.02 | D7: 123 | E7: 1636
A8: 30102 | B8: 津贴补贴 | C8: 410.03 | E8: 611
A9: 30103 | B9: 奖金 | C9: 318.24 | E9: 187
A10: 30104 | B10: 其他社会保障缴费 | C10: 206.19 | E10: 359
A11: 30105 | B11: 伙食费 | E11: =C11+D11 -> 0
A12: 30106 | B12: 伙食补助费 | E12: 31
A13: 30107 | B13: 绩效工资 | C13: 150.83 | E13: 245
A14: 30108 | B14: 机关事业单位基本养老保险缴费 | C14: 226.72 | D14: 18 | E14: 0
A15: 30109 | B15: 职业年金缴费 | C15: 132.9 | E15: 0
A16: 30199 | B16: 其他工资福利支出 | C16: 420 | E16: 0
A17: 302 | B17: 商品和服务支出 | C17: =SUM(C18:C49) -> 2650.61 | D17: =SUM(D18:D49) -> 1357 | E17: =SUM(E18:E49) -> 5276
A18: 30201 | B18: 办公费 | C18: 15 | D18: 57 | E18: 240
A19: 30202 | B19: 印刷费 | E19: =C19+D19 -> 0
A20: 30203 | B20: 咨询费 | E20: =C20+D20 -> 0
A21: 30204 | B21: 手续费 | E21: =C21+D21 -> 0
A22: 30205 | B22: 水费 | C22: 24 | E22: 8
A23: 30206 | B23: 电费 | E23: 5
A24: 30207 | B24: 邮电费 | C24: 21.23 | E24: 34
A25: 30208 | B25: 取暖费 | E25: =C25+D25 -> 0
A26: 30209 | B26: 物业管理费 | E26: =C26+D26 -> 0
A27: 30211 | B27: 差旅费 | E27: 3
A28: 30212 | B28: 因公出国（境）费用 | E28: =C28+D28 -> 0
A29: 30213 | B29: 维修(护)费 | C29: 24 | E29: 2909
A30: 30214 | B30: 租赁费 | E30: =C30+D30 -> 0
A31: 30215 | B31: 会议费 | C31: 36 | E31: 41
A32: 30216 | B32: 培训费 | C32: 11.36 | E32: 10
A33: 30217 | B33: 公务接待费 | C33: 57 | E33: 62
A34: 30218 | B34: 专用材料费 | E34: 592
A35: 30219 | B35: 装备购置费 | E35: =C35+D35 -> 0
A36: 30220 | B36: 工程建设费 | E36: =C36+D36 -> 0
A37: 30221 | B37: 作战费 | E37: =C37+D37 -> 0
A38: 30222 | B38: 军用油料费 | E38: =C38+D38 -> 0
A39: 30223 | B39: 军队其他运行维护费 | E39: =C39+D39 -> 0
A40: 30224 | B40: 被装购置费 | E40: 2
A41: 30225 | B41: 专用燃料费 | E41: =C41+D41 -> 0
A42: 30226 | B42: 劳务费 | C42: 5 | E42: 186
A43: 30227 | B43: 委托业务费 | E43: =C43+D43 -> 0
A44: 30228 | B44: 工会经费 | E44: =C44+D44 -> 0
A45: 30229 | B45: 福利费 | E45: =C45+D45 -> 0
A46: 30231 | B46: 公务用车运行维护费 | C46: 30 | E46: =C46+D46 -> 30
A47: 30239 | B47: 其他交通费用 | C47: 85.52 | E47: 41
A48: 30240 | B48: 税金及附加费用 | E48: =C48+D48 -> 0
A49: 30299 | B49: 其他商品和服务支出 | C49: 2341.5 | D49: 1300 | E49: 1113
A50: 303 | B50: 对个人和家庭的补助 | C50: =SUM(C51:C66) -> 4247.02 | D50: =SUM(D51:D66) -> 117 | E50: =SUM(E51:E66) -> 4582
A51: 30301 | B51: 离休费 | E51: =C51+D51 -> 0
A52: 30302 | B52: 退休费 | C52: 1523.17 | D52: 22 | E52: 1777
A53: 30303 | B53: 退职（役）费 | C53: 44 | E53: 2
A54: 30304 | B54: 抚恤金 | E54: 26
A55: 30305 | B55: 生活补助 | C55: 105.79 | E55: 274
A56: 30306 | B56: 救济费 | C56: 403.1 | E56: 451
A57: 30307 | B57: 医疗费 | C57: 1164.1 | D57: 10 | E57: 1345
A58: 30308 | B58: 助学金 | C58: 101.75 | E58: 224
A59: 30309 | B59: 奖励金 | C59: 19.37 | E59: 5
A60: 30310 | B60: 生产补贴 | C60: 1.24 | E60: 20
A61: 30311 | B61: 住房公积金 | C61: 212.26 | D61: 40 | E61: 302
A62: 30312 | B62: 提租补贴 | E62: =C62+D62 -> 0
A63: 30313 | B63: 购房补贴 | E63: =C63+D63 -> 0
A64: 30314 | B64: 采暖补贴 | E64: =C64+D64 -> 0
A65: 30315 | B65: 物业服务补贴 | E65: =C65+D65 -> 0
A66: 30399 | B66: 其他对个人和家庭的补助支出 | C66: 672.24 | D66: 45 | E66: 156
A67: 304 | B67: 对企事业单位的补贴 | C67: =SUM(C68:C71) -> 11 | D67: =SUM(D68:D71) -> 0 | E67: =SUM(E68:E71) -> 0
A68: 30401 | B68: 企业政策性补贴 | C68: 11 | E68: 0
A69: 30402 | B69: 事业单位补贴 | E69: =C69+D69 -> 0
A70: 30403 | B70: 财政贴息 | E70: =C70+D70 -> 0
A71: 30499 | B71: 其他对企事业单位的补贴 | E71: =C71+D71 -> 0
A72: 305 | B72: 转移性支出 | C72: =SUM(C73:C73) -> 0 | D72: =SUM(D73:D73) -> 0 | E72: =C72+D72 -> 0
A73: 30501 | B73: 不同级政府间转移性支出 | E73: =C73+D73 -> 0
A74: 307 | B74: 债务利息支出 | C74: =SUM(C75:C75) -> 0 | D74: =SUM(D75:D75) -> 0 | E74: =C74+D74 -> 0
A75: 30701 | B75: 国内债务付息 | E75: =C75+D75 -> 0
A76: 308 | B76: 债务还本支出 | C76: =SUM(C77:C78) -> 0 | D76: =SUM(D77:D78) -> 0 | E76: =C76+D76 -> 0
A77: 30801 | B77: 国内债务还本支出 | C77: 0 | D77: 0 | E77: =C77+D77 -> 0
A78: 30802 | B78: 国外债务还本支出 | C78: 0 | E78: =C78+D78 -> 0
A79: 309 | B79: 基本建设支出 | C79: =SUM(C80:C89) -> 0 | D79: =SUM(D80:D89) -> 0 | E79: =C79+D79 -> 0
A80: 30901 | B80: 房屋建筑物购建 | E80: =C80+D80 -> 0
A81: 30902 | B81: 办公设备购置 | E81: =C81+D81 -> 0
A82: 30903 | B82: 专用设备购置 | E82: =C82+D82 -> 0
A83: 30905 | B83: 基础设施建设 | E83: =C83+D83 -> 0
A84: 30906 | B84: 大型修缮 | E84: =C84+D84 -> 0
A85: 30907 | B85: 信息网络及软件购置更新 | E85: =C85+D85 -> 0
A86: 30908 | B86: 物资储备 | E86: =C86+D86 -> 0
A87: 30913 | B87: 公务用车购置 | E87: =C87+D87 -> 0
A88: 30919 | B88: 其他交通工具购置 | E88: =C88+D88 -> 0
A89: 30999 | B89: 其他基本建设支出 | E89: =C89+D89 -> 0
A90: 310 | B90: 其他资本性支出 | C90: =SUM(C91:C105) -> 291.69 | D90: =SUM(D91:D105) -> 0 | E90: =SUM(E91:E105) -> 0
A91: 31001 | B91: 房屋建筑物购建 | E91: =C91+D91 -> 0
A92: 31002 | B92: 办公设备购置 | E92: =C92+D92 -> 0
A93: 31003 | B93: 专用设备购置 | E93: =C93+D93 -> 0
A94: 31005 | B94: 基础设施建设 | C94: 281.83 | E94: 0
A95: 31006 | B95: 大型修缮 | E95: =C95+D95 -> 0
A96: 31007 | B96: 信息网络及软件购置更新 | E96: =C96+D96 -> 0
A97: 31008 | B97: 物资储备 | E97: =C97+D97 -> 0
A98: 31009 | B98: 土地补偿 | E98: =C98+D98 -> 0
A99: 31010 | B99: 安置补助 | E99: =C99+D99 -> 0
A100: 31011 | B100: 地上附着物和青苗补偿 | E100: =C100+D100 -> 0
A101: 31012 | B101: 拆迁补偿 | E101: =C101+D101 -> 0
...
